AoeStats
← adbailey121

Black Forest

509582651Analyzed
4v4 RM · 4d ago on Sep 27, 2026· 41m 38s· 8 players
Game mode
Random Map
Map size
Large (8 player)
Population
200
Speed
Normal
Resources
Standard
Victory
Conquest
Starting age
Dark Age
Ending age
Imperial Age
RankedLock teamsTeams togetherTeam positionsShared explorationLock speedFull tech treeHidden civsTurbo modeCheats
Victory
Defeat
🇨🇳 Vikings · China
782
+16
🇨🇳 Italians · China
762
+17
🇯🇵 Khmer · Japan
715
+19
🇮🇹 Britons · Italy
600
+23
🇦🇺 Chinese · Australia
849
-22
🇦🇺 Franks · Australia
775
-19
🇦🇺 Spanish · Australia
767
-18
🇦🇺 Khmer · Australia
714
-16
豚マソ
2:17 Loom
16:36 Feudal Age
21:07 Castle Age
19:15 Stone Mining
19:15 Gold Mining
19:09 Horse Collar
19:17 Double-Bit Axe
21:58 Bow Saw
21:51 Heavy Plow
22:08 Caravan
24:30 Stone Shaft Mining
24:31 Gold Shaft Mining
25:21 Wheelbarrow
31:58 Imperial Age
32:30 Husbandry
32:40 Bloodlines
33:01 Conscription
32:41 Double Crossbow
33:00 Hand Cart
33:56 Heavy Scorpion
34:38 Town Watch
36:29 Town Patrol
36:47 Scale Barding Armor
36:53 Forging
37:21 Tusk Swords
36:42 Elite Ballista Elephant
39:01 Chain Barding Armor
39:16 Iron Casting
39:11 Fletching
39:31 Siege Engineers
39:46 Ballistics
40:27 Chemistry
40:05 Crop Rotation
41:33 Elite Battle Elephant
serendipity
3:48 Loom
12:02 Feudal Age
16:27 Castle Age
14:15 Double-Bit Axe
14:18 Horse Collar
20:17 Bow Saw
22:27 Scale Mail Armor
23:27 Gold Mining
23:28 Stone Mining
24:00 Squires
23:46 Arson
24:31 Chain Mail Armor
25:28 Heavy Plow
26:50 Forging
31:06 Iron Casting
36:45 Imperial Age
34:01 Town Watch
34:32 Chieftains
38:49 Plate Mail Armor
39:20 Blast Furnace
38:54 Conscription
38:46 Elite Varangian Guard
41:33 Blast Furnace
chentao_1209
0:37 Loom
12:55 Feudal Age
20:54 Castle Age
22:11 Wheelbarrow
22:39 Horse Collar
24:06 Double-Bit Axe
24:58 Hand Cart
26:28 Heavy Plow
30:34 Silk Road
30:18 Caravan
31:19 Fortified Wall
33:15 Treadmill Crane
36:48 Imperial Age
34:59 Bow Saw
36:27 Fletching
37:01 Masonry
36:47 Murder Holes
38:50 Conscription
38:45 Gold Mining
38:54 Bodkin Arrow
39:00 Padded Archer Armor
40:00 Bracer
HeadMeister
4:47 Loom
11:45 Feudal Age
13:04 Horse Collar
13:11 Double-Bit Axe
17:52 Gold Mining
18:35 Stone Mining
21:43 Castle Age
21:55 Wheelbarrow
21:26 Fletching
22:57 Bow Saw
23:26 Gold Shaft Mining
23:01 Heavy Plow
26:35 Hand Cart
28:00 Bodkin Arrow
28:05 Padded Archer Armor
29:39 Leather Archer Armor
29:48 Ballistics
29:47 Fortified Wall
33:35 Yeomen
39:06 Imperial Age
36:51 Forging
36:41 Scale Mail Armor
36:55 Masonry
36:25 Treadmill Crane
38:30 Iron Casting
37:57 Caravan
40:26 Conscription
40:06 Warwolf
39:36 Elite Longbowman
40:53 Hoardings
samaffleck1
13:40 Feudal Age
14:06 Horse Collar
14:14 Double-Bit Axe
20:28 Castle Age
19:52 Gold Mining
19:53 Stone Mining
22:00 Heavy Plow
22:15 Bow Saw
23:05 Caravan
26:01 Wheelbarrow
27:12 Stone Shaft Mining
26:39 Man-at-Arms
26:40 Pikeman
27:06 Arson
27:22 Squires
27:07 Gambesons
28:35 Hand Cart
29:17 Long Swordsman
34:35 Padded Archer Armor
34:46 Forging
34:36 Scale Mail Armor
35:22 Husbandry
35:34 Bloodlines
36:49 Ballistics
41:47 Imperial Age
JR125941
13:06 Feudal Age
20:13 Castle Age
19:41 Double-Bit Axe
20:11 Forging
20:08 Scale Barding Armor
22:15 Bow Saw
24:01 Husbandry
25:34 Iron Casting
25:01 Scale Mail Armor
25:30 Treadmill Crane
26:07 Gold Mining
28:19 Wheelbarrow
30:44 Chain Barding Armor
Ladiesman217
0:43 Loom
13:21 Feudal Age
19:03 Castle Age
17:49 Horse Collar
18:27 Double-Bit Axe
21:48 Bow Saw
28:14 Wheelbarrow
28:21 Heavy Plow
29:48 Hand Cart
29:49 Town Watch
33:45 Imperial Age
31:18 Fletching
31:28 Padded Archer Armor
32:53 Bodkin Arrow
32:58 Padded Archer Armor
34:00 Gold Mining
34:00 Stone Mining
34:07 Elite Chu Ko Nu
39:05 Bracer
39:20 Leather Archer Armor
adbailey121
0:30 Loom
14:23 Feudal Age
14:50 Horse Collar
18:12 Wheelbarrow
23:28 Castle Age
23:39 Forging
23:31 Scale Mail Armor
23:39 Scale Barding Armor
25:35 Elite Skirmisher
27:15 Double-Bit Axe
Connection lost

Rejoining the realm…

Still unreachable

The connection could not be restored.

Session expired

The server has moved on; the page needs a fresh start.